 Dungeon Crawl Stone Soup version 0.20.1-1-g8b1a95d (webtiles) character file.

49343 polve the Impaler (level 14, -1/110 HPs)
             Began as a Merfolk Skald on July 15, 2017.
             Was an Elder of Ashenzari.
             Killed from afar by Roxanne (30 damage)
             ... with a bolt of magma
             ... on level 1 of the Swamp.
             The game lasted 01:07:31 (30042 turns).

polve the Impaler (Merfolk Skald)                  Turns: 30042, Time: 01:07:32

Health: -1/110     AC: 11    Str: 18 (19) XL:     14   Next: 50%
Magic:  14/21      EV: 23    Int: 20      God:    Ashenzari [****..]
Gold:   1405       SH:  4    Dex: 16 (17) Spells: 9/23 levels left

rFire    . . .     SeeInvis +   b - +2 trident "Caeteol" {holy, -Tele rC+ Str+5}
rCold    + + .     Gourm    .   (no shield)
rNeg     . . .     Faith    .   K - +1 ring mail of the Thirsty Lies {rC+ Int+2 Dex+4}
rPois    +         Spirit   .   i - +1 helmet "Kaathyqua" {+Blink rF- rC+ Slay+3}
rElec    +         Reflect  +   s - +0 cloak
rCorr    .         Harm     .   z - +0 pair of gloves of Summer {Stlth+}
MR       ++...     Clarity  +   (no boots) Stlth ++........NoTele +
                                m - amulet "Busongiv" {Reflect rElec Int+2 SH+4} (curse)
Regen    0.3/turn               t - ring of fire
MPRegen  0.2/turn               r - +3 ring of strength

@: infused
A: change form in water, swift swim, stealthy swim, clumsy 1, deterioration 1,
magic resistance 1, mutation resistance 1, poison resistance, screaming 1
a: Curse Item, Scrying, Renounce Religion, Evoke Blink


You were on level 1 of the Swamp.
You worshipped Ashenzari.
Ashenzari was greatly pleased with you.
You were very hungry.

You visited 3 branches of the dungeon, and saw 18 of its levels.
You also visited: Bailey.

You collected 1405 gold pieces.

Inventory:

Hand Weapons
 a - a +1 trident of venom
 b - the +2 trident "Caeteol" (weapon) {holy, -Tele rC+ Str+5}
   (You took it off a centaur on level 9 of the Dungeon)

   It has been blessed by the Shining One to cause great damage to the undead
   and demons.
   It affects your strength (+5).
   It protects you from cold.
   It prevents most forms of teleportation.
Armour
 i - the +1 helmet "Kaathyqua" (worn) {+Blink rF- rC+ Slay+3}
   (You found it on level 1 of the Lair of Beasts)

   It affects your accuracy and damage with ranged weapons and melee attacks
   (+3).
   It makes you vulnerable to fire.
   It protects you from cold.
   It lets you blink.
 s - a +0 cloak (worn)
 z - the +0 pair of gloves of Summer (worn) {Stlth+}
   (You found it on level 8 of the Dungeon)

   It makes you more stealthy.
 H - +0 acid dragon scales
 K - the +1 ring mail of the Thirsty Lies (worn) {rC+ Int+2 Dex+4}
   (You found it on level 6 of the Lair of Beasts)

   It affects your intelligence (+2).
   It affects your dexterity (+4).
   It protects you from cold.
Jewellery
 m - the cursed amulet "Busongiv" (around neck) {Reflect rElec Int+2 SH+4}
   (You found it on level 6 of the Dungeon)

   [amulet of reflection]

   It shields you and reflects attacks.
   It affects your intelligence (+2).
   It insulates you from electricity.
   It affects your SH (+4).
   It has a curse placed upon it.
 n - an uncursed ring of protection from cold
 r - a +3 ring of strength (right hand)
 t - a ring of fire (left hand)
Wands
 p - a wand of flame (39/48)
 J - a wand of scattershot (9/9)
Scrolls
 g - 5 scrolls of enchant armour
 h - 5 scrolls of recharging
 k - 10 scrolls of teleportation
 l - 6 scrolls of remove curse
 q - 2 scrolls of fog
 u - 3 scrolls of enchant weapon
 y - 3 scrolls of magic mapping
 D - 2 scrolls of blinking
Potions
 c - 2 potions of curing
 e - 3 potions of heal wounds
 f - 3 potions of agility
 o - 3 potions of berserk rage
 w - 3 potions of flight
 x - a potion of brilliance
 C - a potion of haste
 G - 2 potions of lignification
Books
 j - a book of Conjurations

   Spells                             Type                      Level
   a - Magic Dart                     Conjuration                  1
   b - Searing Ray                    Conjuration                  2
   c - Dazzling Spray                 Conjuration/Hexes            3
   d - Fulminant Prism                Conjuration/Hexes            4
   e - Force Lance                    Conjuration/Translocation    4
   f - Iskenderun's Mystic Blast      Conjuration                  4
 F - the Grimoire of Doomed Beguiling
   (You found it on level 2 of the Lair of Beasts)

   Spells                             Type                      Level
   a - Corona                         Hexes                        1
   b - Inner Flame                    Hexes/Fire                   3
   c - Vampiric Draining              Necromancy                   3
   d - Discord                        Hexes                        8
 I - a book of Enchantments

   Spells                             Type                      Level
   a - Cause Fear                     Hexes                        4
   b - Yara's Violent Unravelling     Hexes/Transmutation          5
   c - Silence                        Hexes/Air                    5
   d - Deflect Missiles               Charms/Air                   6
   e - Discord                        Hexes                        8
Comestibles
 d - 13 bread rations
 A - 5 fruits
 B - 3 meat rations
 E - 3 royal jellies


   Skills:
 - Level 10.0 Fighting
 + Level 17.3 Polearms
 - Level 4.0 Armour
 + Level 17.0 Dodging
 - Level 5.0 Spellcasting
 - Level 2.0 Conjurations
 - Level 6.0 Hexes
 - Level 8.0 Charms
 - Level 2.0 Necromancy
 - Level 2.0 Translocations
 - Level 6.0 Evocations


You had 9 spell levels left.
You knew the following spells:

 Your Spells              Type           Power        Failure   Level  Hunger
a - Spectral Weapon       Hex/Chrm       ####....     3%          3    ##.....
b - Shroud of Golubria    Chrm/Tloc      ####......   3%          2    None
c - Infusion              Chrm           ####         1%          1    None
d - Song of Slaying       Chrm           #####...     1%          2    None
e - Regeneration          Chrm/Necr      ####......   8%          3    ##.....
f - Dazzling Spray        Conj/Hex       ###...       12%         3    ##.....


Dungeon Overview and Level Annotations

Branches:
Dungeon (11/15)            Temple (0/1) D:4            Lair (6/6) D:11
  Swamp (1/4) Lair:2       Spider (0/4) Lair:3        Slime (0/5) Lair:6
    Orc (0/2) D:10

Altars:
Ashenzari
Cheibriados
Elyvilon
Fedhas
Okawaru
Ru
Sif Muna
Trog
Uskayaw
Vehumet
Yredelemnul
Zin
The Shining One

Shops:
D:9 [

Annotations:
D:9 2 transporters
Swamp:1 exclusion: Roxanne, Roxanne


Innate Abilities, Weirdness & Mutations

You revert to your normal form in water.
You are very nimble and swift while swimming.
You are very stealthy in the water. (Stealth+)
You are clumsy. (Dex -2)
Your body sometimes deteriorates upon taking damage.
You are resistant to hostile enchantments. (MR+)
You are somewhat resistant to further mutation.
Your system is resistant to poisons. (rPois)
You occasionally shout uncontrollably at your foes.


Message History

Roxanne is heavily damaged.
Your spectral weapon is engulfed in blazing flames.
Your spectral weapon shares its damage with you!
Your spectral weapon hits Roxanne from afar!
* * * LOW HITPOINT WARNING * * *
Your spectral weapon is engulfed in blazing flames.
Your spectral weapon shares its damage with you!
* * * LOW HITPOINT WARNING * * *
Roxanne mumbles some strange words.
The bolt of magma hits you!
* * * LOW HITPOINT WARNING * * *
The bolt of magma hits your spectral weapon.
Your spectral weapon partially resists.
Your spectral weapon shares its damage with you!
Your spectral weapon fades away.
* * * LOW HITPOINT WARNING * * *
You feel much better.
Roxanne casts a spell.
The bolt of magma hits you!
You die...

♣..≈..≈≈≈≈.≈≈≈§.≈
♣♣.≈≈.≈≈≈≈≈≈≈≈..≈
♣♣≈..=≈≈≈≈≈≈≈≈..♣♣
♣....§≈≈≈≈.....♣♣♣
♣♣♣♣..≈≈≈≈≈≈≈.≈≈≈.≈.♣
♣...≈.≈≈≈.≈≈≈.♣♣♣.≈≈♣
♣.8.≈.≈≈.....♣♣ ♣♣.≈♣
♣♣...♣≈≈≈.≈♣♣♣♣ *♣♣♣♣
♣≈.≈.@.≈≈≈≈♣ *
♣♣...≈≈.≈..♣ ≈ ≈
♣♣♣♣.....♣♣ ≈≈
♣....♣♣♣* *, , ♣...♣♣
* ♣≈..., , ♣♣♣♣..∆,
≈. *,* ,≈ ,


You could see Roxanne.

Vanquished Creatures
  Gastronok (Lair:1)
  Kirke (Lair:5)
  6 hydras
  3 two-headed ogres
  3 catoblepae (Lair:6)
  8 death yaks (Lair:6)
  Nergalle (Lair:3)
  An unseen horror (D:11)
  An ugly thing (D:11)
  2 manticores (Lair:6)
  A shining eye (Lair:6)
  6 elephants
  A cyclops (D:11)
  2 black mambas
  12 spiny frogs
  The ghost of Dyss the Destroyer, a novice TeCj of Vehumet (D:6)
  A rime drake (Lair:3)
  7 komodo dragons
  A polar bear (Lair:4)
  Grinder (D:5)
  2 hornets (D:11)
  A slime creature (Lair:6)
  A troll (D:9)
  6 dream sheep (Lair:4)
  9 blink frogs
  10 hippogriffs
  A spriggan (D:11)
  A redback (Lair:3)
  A shadow (Swamp:1)
  Sigmund (D:3)
  4 wyverns
  A steam dragon (D:11)
  30 yaks
  2 basilisks
  4 vampire mosquitoes (Swamp:1)
  Eustachio (D:5)
  Grum (D:9)
  3 insubstantial wisps (Swamp:1)
  An acid dragon (D:11)
  11 water moccasins
  7 porcupines
  6 orc warriors
  A black bear (D:7)
  A phantom (D:9)
  3 ice beasts
  3 necrophages (D:6)
  4 sky beasts
  6 ogres
  16 wolves
  4 centaurs
  7 crocodiles
  13 bullfrogs
  A gnoll sergeant (D:9)
  A wyvern skeleton (D:10)
  2 scorpions
  13 killer bees
  3 wights (D:8)
  3 howler monkeys (D:8)
  3 crimson imps
  A bullfrog zombie (D:6)
  Crazy Yiuf (D:5)
  A centaur zombie (D:6)
  3 hounds
  8 jellies
  A centaur skeleton (D:7)
  2 orc priests
  3 iguanas
  6 orc wizards
  9 worker ants
  2 hound zombies
  2 worker ant zombies
  8 gnolls
  14 adders
  3 oozes
  4 worms
  4 dart slugs
  4 leopard geckos
  31 orcs
  11 bats
  A giant cockroach (D:2)
  11 goblins
  16 hobgoblins
  14 jackals
  4 quokkas
  9 frilled lizards
  2 giant cockroach zombies
  28 kobolds
  2 quokka skeletons
  A quokka zombie (D:6)
  9 rats
463 creatures vanquished.

Vanquished Creatures (others)
  2 humans (Lair:5)
  A bullfrog (Lair:5)
  2 kobolds (Bailey)
  A bush (D:6)
  12 fungi
  21 plants
  8 spectral weapons
47 creatures vanquished.

Grand Total: 510 creatures vanquished

Notes
Turn   | Place    | Note
-------+----------+-------------------------------------------
     0 | D:1      | polve the Merfolk Skald began the quest for the Orb.
     0 | D:1      | Reached XP level 1. HP: 16/16 MP: 3/3
   130 | D:1      | Reached XP level 2. HP: 2/22 MP: 0/5
   524 | D:1      | Learned a level 2 spell: Shroud of Golubria
  1201 | D:1      | Reached skill level 1 in Translocations
  1350 | D:2      | Reached XP level 3. HP: 27/27 MP: 2/6
  1644 | D:2      | Learned a level 3 spell: Spectral Weapon
  1783 | D:2      | Reached XP level 4. HP: 33/33 MP: 3/7
  1930 | D:2      | Reached skill level 1 in Hexes
  2661 | D:2      | Reached XP level 5. HP: 38/38 MP: 5/8
  2732 | D:2      | Found a deep blue altar of Sif Muna.
  3074 | D:3      | Found a shattered altar of Ashenzari.
  3089 | D:3      | Became a worshipper of Ashenzari the Shackled
  3728 | D:3      | Noticed Sigmund
  3741 | D:3      | Killed Sigmund
  3741 | D:3      | Reached skill level 5 in Polearms
  3741 | D:3      | Reached XP level 6. HP: 33/44 MP: 2/9
  3751 | D:3      | Learned a level 2 spell: Song of Slaying
  3987 | D:3      | Found a white marble altar of Elyvilon.
  4537 | D:4      | Found a staircase to the Ecumenical Temple.
  4906 | D:4      | Found a glowing golden altar of the Shining One.
  5080 | D:4      | Reached XP level 7. HP: 41/50 MP: 1/10
  6421 | D:4      | Found a glowing silver altar of Zin.
  6782 | D:5      | Entered Level 5 of the Dungeon
  6843 | D:5      | Noticed Eustachio
  6883 | D:5      | HP: 2/50 [river rat[Eustachio] (2)]
  7255 | D:5      | Killed Eustachio
  7255 | D:5      | Reached skill level 5 in Charms
  7255 | D:5      | Reached XP level 8. HP: 45/56 MP: 1/11
  7403 | D:5      | Reached * piety under Ashenzari
  7761 | D:5      | Reached skill level 10 in Polearms
  7906 | D:5      | Noticed Grinder
  7914 | D:5      | Paralysed by Grinder for 3 turns
  7934 | D:5      | Killed Grinder
  8303 | D:5      | Noticed a hippogriff
  8322 | D:5      | Found a runed door.
  8329 | D:5      | Noticed Crazy Yiuf
  8337 | D:5      | Killed Crazy Yiuf
  8612 | D:5      | Found a basalt altar of Yredelemnul.
  8646 | D:5      | Killed a hippogriff
  8939 | D:6      | Noticed Dyss's ghost (novice TeCj)
  8957 | D:6      | Killed Dyss's ghost
  8957 | D:6      | Reached XP level 9. HP: 40/61 MP: 2/12
  9088 | D:6      | Gained mutation: Scrolls take you a little longer to read. [mutagenic meat]
  9089 | D:6      | Gained mutation: You are agile. (Dex +2) [mutagenic meat]
  9090 | D:6      | Gained mutation: You are resistant to electric shocks. (rElec) [mutagenic meat]
  9199 | D:6      | Found a sacrificial altar of Ru.
  9202 | D:6      | Found a hide-covered altar of Uskayaw.
  9202 | D:6      | Found an iron altar of Okawaru.
  9222 | D:6      | Found a snail-covered altar of Cheibriados.
  9380 | D:6      | Found a blossoming altar of Fedhas.
  9666 | D:6      | Found a bloodstained altar of Trog.
  9934 | D:6      | Identified the amulet "Busongiv" {Reflect rElec Int+2 SH+4}
 10613 | D:6      | Reached skill level 5 in Fighting
 10779 | D:7      | Lost mutation: Scrolls take you a little longer to read. [potion of mutation]
 10779 | D:7      | Lost mutation: You are resistant to electric shocks. (rElec) [potion of mutation]
 10779 | D:7      | Lost mutation: You are agile. (Dex +2) [potion of mutation]
 10779 | D:7      | Gained mutation: You are resistant to hostile enchantments. (MR+) [potion of mutation]
 10779 | D:7      | Gained mutation: You are clumsy. (Dex -2) [potion of mutation]
 10779 | D:7      | Gained mutation: Your spells are a little harder to cast, but a little more powerful. [potion of mutation]
 11172 | D:7      | Found a snail-covered altar of Cheibriados.
 11177 | D:7      | Learned a level 3 spell: Regeneration
 11773 | D:8      | Reached skill level 5 in Dodging
 11773 | D:8      | Reached skill level 1 in Necromancy
 12042 | D:9      | Found Panworch's Antique Armour Shop.
 12056 | D:9      | Found a radiant altar of Vehumet.
 12065 | D:9      | Noticed a cyclops
 12065 | D:9      | Noticed a freezing wraith
 12087 | D:9      | Found a flagged portal.
 12192 | Bailey   | Entered a bailey
 12298 | Bailey   | Reached XP level 10. HP: 27/76 MP: 6/13
 12981 | Bailey   | Got the lajatang of Subjectivity {elec, rN+ Dex+2}
 13040 | D:9      | Reached skill level 5 in Hexes
 13299 | D:8      | Reached ** piety under Ashenzari
 13316 | D:8      | Noticed a two-headed ogre
 13365 | D:8      | Killed a two-headed ogre
 13817 | D:8      | Got the uncursed pair of gloves of Summer {Stlth+}
 13823 | D:8      | Identified the +0 pair of gloves of Summer {Stlth+} (You found it on level 8 of the Dungeon)
 14877 | D:9      | Found a transporter.
 15638 | D:9      | Found a transporter.
 15667 | D:9      | Reached XP level 11. HP: 76/87 MP: 14/14
 15676 | D:9      | Got the trident "Caeteol" {holy, -Tele rC+ Str+5}
 15678 | D:9      | Identified the +2 trident "Caeteol" {holy, -Tele rC+ Str+5} (You took it off a centaur on level 9 of the Dungeon)
 15796 | D:9      | Noticed a two-headed ogre
 15808 | D:9      | Killed a two-headed ogre
 15955 | D:10     | Entered Level 10 of the Dungeon
 16015 | D:10     | Found a staircase to the Orcish Mines.
 16298 | D:10     | Reached skill level 10 in Dodging
 16305 | D:10     | Reached skill level 1 in Armour
 16824 | D:10     | Noticed a two-headed ogre
 16835 | D:10     | Killed a two-headed ogre
 17011 | D:10     | Noticed Grum
 17028 | D:9      | Killed Grum
 17878 | D:10     | Learned a level 3 spell: Dazzling Spray
 17891 | D:11     | Found a staircase to the Lair.
 17997 | D:11     | Noticed a cyclops
 18009 | D:11     | Killed a cyclops
 18009 | D:11     | Reached skill level 10 in Fighting
 18313 | D:11     | Reached skill level 1 in Conjurations
 19088 | D:11     | Killed an unseen horror
 19088 | D:11     | Reached XP level 12. HP: 91/97 MP: 16/19
 19150 | D:11     | Reached skill level 5 in Spellcasting
 19311 | D:11     | Reached *** piety under Ashenzari
 19431 | D:11     | Noticed an eight-headed hydra
 19451 | D:11     | Killed an eight-headed hydra
 19706 | Lair:1   | Entered Level 1 of the Lair of Beasts
 20035 | Lair:1   | Got the uncursed helmet "Kaathyqua" {+Blink rF- rC+ Slay+3}
 20046 | Lair:1   | Identified the +1 helmet "Kaathyqua" {+Blink rF- rC+ Slay+3} (You found it on level 1 of the Lair of Beasts)
 20405 | Lair:1   | Noticed Gastronok
 20421 | Lair:1   | Killed Gastronok
 21740 | Lair:2   | Found a staircase to the Swamp.
 21815 | Lair:2   | Identified the Grimoire of Doomed Beguiling
 22345 | Lair:3   | Noticed a seven-headed hydra
 22353 | Lair:3   | Killed a seven-headed hydra
 22442 | Lair:3   | Noticed Nergalle
 22457 | Lair:3   | Killed Nergalle
 22457 | Lair:3   | Reached skill level 15 in Polearms
 22457 | Lair:3   | Reached XP level 13. HP: 93/103 MP: 15/20
 22977 | Lair:3   | Reached **** piety under Ashenzari
 23234 | Lair:3   | Found a hole to the Spider Nest.
 24988 | Lair:5   | Noticed Kirke
 25000 | Lair:5   | Killed Kirke
 25883 | Lair:6   | Entered Level 6 of the Lair of Beasts
 25893 | Lair:6   | Reached skill level 15 in Dodging
 26300 | Lair:6   | Got the uncursed ring mail of the Thirsty Lies {rC+ Int+2 Dex+4}
 26311 | Lair:6   | Identified the +1 ring mail of the Thirsty Lies {rC+ Int+2 Dex+4} (You found it on level 6 of the Lair of Beasts)
 26419 | Lair:6   | Gained mutation: You occasionally shout uncontrollably at your foes. [a shining eye]
 26432 | Lair:6   | Lost mutation: Your spells are a little harder to cast, but a little more powerful. [potion of mutation]
 26432 | Lair:6   | Gained mutation: Your system is resistant to poisons. (rPois) [potion of mutation]
 26432 | Lair:6   | Gained mutation: Your body sometimes deteriorates upon taking damage. [potion of mutation]
 26432 | Lair:6   | Gained mutation: You are somewhat resistant to further mutation. [potion of mutation]
 26470 | Lair:6   | Found a staircase to the Slime Pits.
 26498 | Lair:6   | Reached skill level 1 in Evocations
 27435 | Lair:6   | Reached XP level 14. HP: 51/110 MP: 14/21
 28732 | Lair:6   | Reached skill level 5 in Evocations
 29505 | Lair:6   | Noticed an acid blob
 29844 | Swamp:1  | Entered Level 1 of the Swamp
 30006 | Swamp:1  | Noticed Roxanne
 30039 | Swamp:1  | HP: 2/110 [Roxanne (8)]
 30042 | Swamp:1  | Killed from afar by Roxanne

Skill      XL: |  1  2  3  4  5  6  7  8  9 10 11 12 13 14 |
---------------+-------------------------------------------+-----
Charms         | 4 5 6 8 |  8.0
Translocations | 1 2 |  2.0
Hexes          | 2 3 4 6 |  6.0
Polearms       | 4 5 6 9 11 12 15 17 | 17.3
Dodging        | 4 5 9 10 13 15 17 | 17.0
Fighting       | 5 8 10 | 10.0
Necromancy     | 1 2 |  2.0
Armour         | 3 4 |  4.0
Spellcasting   | 4 5 |  5.0
Conjurations   | 2 |  2.0
Evocations     | 3 6 |  6.0

Action                   |  1- 3 |  4- 6 |  7- 9 | 10-12 | 13-15 || total
-------------------------+-------+-------+-------+-------+-------++-------
Melee: Spear             |    92 |   261 |   519 |   407 |       ||  1279
       Tailslap          |       |       |     2 |     2 |       ||     4
       Trident           |       |       |       |   505 |   598 ||  1103
 Cast: Infusion          |    13 |    31 |    40 |    27 |     9 ||   120
       Shroud of Golubri |       |     5 |    19 |    32 |    13 ||    69
       Spectral Weapon   |       |       |    14 |    44 |    45 ||   103
       Song of Slaying   |       |       |       |    12 |     5 ||    17
       Dazzling Spray    |       |       |       |     4 |       ||     4
Invok: Curse Item        |       |       |       |     1 |       ||     1
  Use: Scroll            |       |     5 |     5 |     7 |     7 ||    24
       Potion            |       |     1 |     6 |       |     2 ||     9
 Stab: Sleeping          |     2 |     2 |       |     7 |     1 ||    12
       Distracted        |       |       |     2 |     4 |     7 ||    13
  Eat: Chunk             |     3 |    12 |    16 |    33 |    25 ||    89
       Royal jelly       |       |       |     6 |       |       ||     6
       Meat ration       |       |       |       |     1 |       ||     1
       Fruit             |       |       |       |     2 |     1 ||     3
Armor: Leather armour    |     8 |    30 |    47 |    56 |       ||   141
       Acid dragon scale |       |       |       |    51 |    25 ||    76
       Ring mail         |       |       |       |       |    42 ||    42
Dodge: Dodged            |    36 |   112 |   183 |   362 |   302 ||   995
Block: Other             |       |       |    13 |    88 |    55 ||   156
       Reflection        |       |       |     1 |    14 |       ||    15
